 Dungeon Crawl Stone Soup version 0.31-a0-1308-ga3cce3a448 (webtiles) character file.

Game seed: 15460429293290994724

25736 Curundu the Tortoise (level 12, -10/111 HPs)
             Began as a Minotaur Berserker on Dec 19, 2023.
             Was a High Priest of Trog.
             Mangled by a naga warrior
             ... wielding a +0 battleaxe
              (19 damage)
             ... on level 1 of the Snake Pit.
             The game lasted 00:45:35 (13046 turns).

Curundu the Tortoise (Minotaur Berserker)          Turns: 13046, Time: 00:45:35

Health: -10/111    AC: 21    Str: 27    XL:     12   Next: 92%
Magic:  11/11      EV:  6    Int:  4    God:    Trog [*****.]
Gold:   789        SH:  5    Dex: 10    Spells: 11/11 levels left

rFire   . . .        g - +8 trident (drain)
rCold   . . .        (no shield)
rNeg    . . .        c - +3 plate armour
rPois   +            (helmet restricted)
rElec   .            (no cloak)
rCorr   .            (no gloves)
SInv    .            x - +0 pair of boots
Will    .....        d - amulet of reflection Stlth
                     r - ring of poison resistance
HPRegen 0.38/turn    (no ring)
MPRegen 0.12/turn

%: reflection
@: constricted
A: horns 2, retaliatory headbutt
a: Renounce Religion, Berserk, Trog's Hand, Brothers in Arms


You were on level 1 of the Snake Pit.
You worshipped Trog.
Trog was extremely pleased with you.
You visited 3 branches of the dungeon, and saw 14 of its levels.

You collected 789 gold pieces.

Inventory:

Hand Weapons
 g - a +8 trident of draining (weapon)
 Q - a +3 battleaxe of flaming
Missiles
 j - 6 javelins
 u - 16 poisoned darts
 M - 6 boomerangs
 N - a throwing net
Armour
 c - a +3 plate armour (worn)
 x - a +0 pair of boots (worn)
Magical Staves
 D - a staff of fire
Jewellery
 d - an amulet of reflection (around neck)
 r - a ring of poison resistance (left hand)
 I - an amulet of regeneration
Wands
 q - a wand of flame (21)
 t - a wand of polymorph (5)
 y - a wand of iceblast (2)
 z - a wand of light (10)
 H - a wand of mindburst (3)
 P - a wand of digging (2)
 S - a wand of charming (3)
Scrolls
 a - a scroll of amnesia
 b - 4 scrolls of poison
 f - a scroll of brand weapon {unknown}
 h - 4 scrolls of blinking
 k - 5 scrolls of immolation
 n - 2 scrolls of fear
 w - a scroll of silence
 B - 3 scrolls of noise
 G - 4 scrolls of teleportation
 J - 2 scrolls of fog {unknown}
 L - a scroll of vulnerability {unknown}
 R - a scroll of enchant armour
 T - a scroll of identify
Potions
 i - 3 potions of resistance {unknown}
 l - 3 potions of haste {unknown}
 o - 4 potions of mutation
 p - 2 potions of lignification {unknown}
 s - 4 potions of enlightenment
 v - 2 potions of curing {unknown}
 A - a potion of attraction {unknown}
 C - a potion of brilliance {unknown}
 E - 2 potions of cancellation {unknown}
 F - a potion of might {unknown}
 K - 3 potions of invisibility {unknown}
 O - 2 potions of magic {unknown}
Miscellaneous
 e - a tin of tremorstones (2/2)


   Skills:
 + Level 11.6 Fighting
 + Level 4.5 Long Blades
 + Level 10.1(13.0) Axes
 + Level 13.1(14.4) Polearms
 + Level 3.2 Throwing
 + Level 15.2 Armour
 + Level 3.6 Dodging
 + Level 3.1 Stealth
 + Level 2.3 Evocations


You had 11 spell levels left.
You didn't know any spells.
Your spell library contained the following spells:

 Spells                   Type           Power      Damage    Failure   Level
 Magic Dart               Conj           0%         1d3       98%         1
 Call Imp                 Summ           0%         N/A       99%         2
 Cigotuvi's Dreadful Rot  Necr/Pois/Air  0%         N/A       99%         2
 Inner Flame              Hex/Fire       0%         N/A       100%        3
 Mephitic Cloud           Conj/Pois/Air  0%         N/A       100%        3
 Ozocubu's Armour         Ice            0%         N/A       100%        3
 Dispel Undead            Necr           0%         3d6       100%        4
 Flame Wave               Conj/Fire      0%         2d4       100%        4
 Sticky Flame             Conj/Fire      0%         2d3       100%        4
 Death Channel            Necr           0%         N/A       100%        6
 Ozocubu's Refrigeration  Ice            0%         4d7       100%        7


Dungeon Overview and Level Annotations

Branches:
Dungeon (10/15)            Temple (0/1) D:6            Lair (3/5) D:10
  Swamp (0/4) Lair:3        Snake (1/4) Lair:3
    Orc: D:9-12

Altars:
Ashenzari
Kikubaaqudgha
Makhleb
Nemelex Xobeh
Okawaru
Yredelemnul
The Shining One

Shops:
D:1 :   D:6 (   Snake:1 *

Portals:
Bailey: D:9

Annotations:
Snake:1 3 runed translucent doors, Luurhike's ghost, adept MiFi


Innate Abilities, Weirdness & Mutations

You have a pair of horns on your head.
You reflexively headbutt those who attack you in melee.


Message History

The naga warrior hits you with a +0 battleaxe.
The naga warrior constricts you. The naga hits you with a +0 glaive!!
* * * LOW HITPOINT WARNING * * *
The naga warrior hits you with a +0 battleaxe.
* * * LOW HITPOINT WARNING * * *
You feel much better.
The salamander hits you with a +0 glaive!
* * * LOW HITPOINT WARNING * * *
You are engulfed in flames.
* * * LOW HITPOINT WARNING * * *
The naga spits poison at you. The splash of poison misses you.
The splash of poison hits the naga warrior.
The naga warrior hits you but does no damage.
The naga warrior constricts you.
* * * LOW HITPOINT WARNING * * *
The naga hits you with a +0 glaive!
* * * LOW HITPOINT WARNING * * *
You block the naga warrior's attack.
You feel much better.
The guardian serpent hits you but does no damage.
The salamander hits you with a +0 glaive.
You are engulfed in flames!
* * * LOW HITPOINT WARNING * * *
You block the naga warrior's attack.
The naga hits you but does no damage. x2
The naga warrior hits you with a +0 battleaxe!
* * * LOW HITPOINT WARNING * * *
The naga warrior constricts you.
Activating: Brothers in Arms (1% risk of failure)
Press: ? - help, Q - select action, (/) - cycle Dir - look around, f - activate Your troll goes berserk!
The guardian serpent hits you.
* * * LOW HITPOINT WARNING * * *
The guardian serpent hits you!
* * * LOW HITPOINT WARNING * * *
The salamander hits you but does no damage.
The naga hits you with a +0 glaive.
* * * LOW HITPOINT WARNING * * *
The naga warrior hits you with a +0 battleaxe!!
You die...

..##### ......#
........# ......#
#.......# ......#
.......# ###...#
..##......# #...#
..##......# ###...#
..##......# .##)†.#
..##..NSNT#
.##...###..##..N@N.#
.##...#....##..##N.#
.##........##..##..#
.##........##..##..#
.##........##..##..#
..#........##..##..#
..##.......##..##..#
..##.......##..##..#
..##.......#...##..#


You could see 2 naga warriors, a salamander (drained), a guardian serpent, 2
nagas and a friendly troll (summoned, berserk).

Vanquished Creatures
  A fire dragon (Lair:3)
  A hydra (Lair:2)
  Erica (D:8)
  2 naga sharpshooters (Snake:1)
  Amaemon (Lair:2)
  A skyshark (Lair:2)
  Pikel (D:6)
  An ugly thing (D:10)
  An orange demon (Lair:2)
  9 elephants
  Joseph (Lair:1)
  4 black mambas
  6 cane toads
  9 komodo dragons
  A rime drake (Lair:2)
  Jeremiah (D:8)
  A polar bear (Lair:1)
  4 blink frogs (Lair:1)
  Prince Ribbit (D:6)
  5 dream sheep (Lair:3)
  A hornet (D:10)
  A shadow (D:10)
  17 yaks
  4 wyverns
  3 basilisks
  4 nagas
  10 water moccasins
  An orc warrior (D:10)
  A sky beast (D:7)
  2 black bears
  An ogre (D:5)
  A centaur (D:10)
  12 wolves (Lair:2)
  A lemure (D:6)
  2 phantoms (D:5)
  Blork the orc (D:6)
  A kobold brigand (D:8)
  12 bullfrogs
  A gnoll sergeant (D:8)
  2 scorpions (D:6)
  3 wights (D:8)
  A killer bee (D:8)
  3 electric eels (Lair:2)
  6 orc priests
  2 hounds
  3 gnoll boudas
  6 iguanas
  3 orc wizards
  20 gnolls
  6 adders
  2 shadow imps
  2 white imps
  2 ufetubi (D:5)
  2 worms
  7 dart slugs
  15 orcs
  7 ball pythons
  8 bats
  11 endoplasms
  4 giant cockroaches
  7 goblins
  10 hobgoblins
  5 jackals
  3 quokkas
  6 frilled lizards
  7 kobolds
  9 rats
290 creatures vanquished.

Vanquished Creatures (others)
  A human (D:8)
1 creature vanquished.

Grand Total: 291 creatures vanquished

Notes
Turn   | Place    | Note
-------+----------+-------------------------------------------
     0 | D:1      | Curundu the Minotaur Berserker began the quest for the Orb.
     0 | D:1      | Reached XP level 1. HP: 19/19 MP: 0/0
   157 | D:1      | Reached XP level 2. HP: 27/27 MP: 1/1
   556 | D:1      | Found Duniycag's Book Boutique.
   591 | D:1      | Reached XP level 3. HP: 29/33 MP: 2/2
   592 | D:1      | Reached ** piety under Trog
   892 | D:2      | Reached skill level 1 in Axes
  1156 | D:2      | Reached skill level 3 in Armour
  1236 | D:2      | Reached XP level 4. HP: 40/40 MP: 3/3
  1511 | D:3      | Found a burning altar of Makhleb.
  1525 | D:3      | Found a basalt altar of Yredelemnul.
  1527 | D:3      | Found a sparkling altar of Nemelex Xobeh.
  1527 | D:3      | Found a glowing golden altar of the Shining One.
  1721 | D:3      | Found a faded altar of an unknown god.
  1888 | D:3      | Found an iron altar of Okawaru.
  2264 | D:4      | Reached skill level 5 in Fighting
  2264 | D:4      | Reached XP level 5. HP: 36/48 MP: 4/4
  2316 | D:4      | Reached *** piety under Trog
  2823 | D:5      | Entered Level 5 of the Dungeon
  3440 | D:5      | Noticed a phantom
  3454 | D:5      | Killed a phantom
  3455 | D:5      | Reached skill level 4 in Armour
  3455 | D:5      | Reached XP level 6. HP: 56/56 MP: 5/5
  3465 | D:5      | Noticed a water moccasin
  3474 | D:5      | Killed a water moccasin
  3480 | D:5      | Reached skill level 5 in Axes
  3495 | D:5      | Reached XP level 7. HP: 7/61 MP: 6/6
  3507 | D:5      | Reached skill level 5 in Armour
  4274 | D:6      | Noticed Pikel
  4286 | D:6      | Killed Pikel
  4287 | D:6      | Reached skill level 7 in Armour
  4287 | D:6      | Reached XP level 8. HP: 20/70 MP: 7/7
  4492 | D:6      | Noticed Prince Ribbit
  4504 | D:6      | Killed Prince Ribbit
  4648 | D:6      | Reached skill level 8 in Armour
  4664 | D:6      | Noticed Blork the orc
  4666 | D:6      | Found Vuzorghat's Weapon Shop.
  4678 | D:6      | Killed Blork the orc
  4877 | D:6      | Found a staircase to the Ecumenical Temple.
  5205 | D:7      | Reached **** piety under Trog
  5246 | D:7      | Noticed a slime creature
  5454 | D:7      | Reached XP level 9. HP: 56/78 MP: 8/8
  5459 | D:7      | Reached skill level 1 in Stealth
  5737 | D:7      | Found a broken altar of Ashenzari.
  5741 | D:7      | Saw a vision of the Swamp and the Snake Pit.
  5741 | D:7      | Noticed a spriggan rider
  5741 | D:7      | Noticed an anaconda
  5741 | D:7      | Noticed a mana viper
  5741 | D:7      | Noticed a mana viper
  5741 | D:7      | Noticed a naga warrior
  5741 | D:7      | Noticed a black mamba
  5741 | D:7      | Noticed a salamander
  6101 | D:8      | Identified the +1 spear of Reexuboz {protect, rC+ Dex+2}
  6118 | D:8      | Reached skill level 9 in Armour
  6620 | D:8      | Identified the +2 glaive of Insufficient Pleasure {heavy,
                  | rN++}
  6659 | D:8      | Reached skill level 10 in Armour
  6769 | D:8      | Noticed Jeremiah
  6790 | D:8      | HP: 3/66 [Jeremiah/+4 trident of draining (3)]
  6804 | D:8      | HP: 2/52 [Jeremiah/+4 trident of draining (1)]
  6807 | D:8      | Killed Jeremiah
  6808 | D:8      | Reached skill level 1 in Evocations
  7193 | D:8      | Noticed Erica
  7209 | D:8      | Killed Erica
  7210 | D:8      | Reached skill level 10 in Axes
  7210 | D:8      | Reached skill level 1 in Polearms
  7210 | D:8      | Reached XP level 10. HP: 66/88 MP: 9/9
  7316 | D:8      | Found an ancient bone altar of Kikubaaqudgha.
  7614 | D:9      | Found a flagged portal.
  7671 | D:10     | Entered Level 10 of the Dungeon
  7692 | D:10     | Reached skill level 1 in Throwing
  7701 | D:10     | Reached skill level 11 in Armour
  7970 | D:10     | Noticed a purple ugly thing
  7982 | D:10     | Killed a purple ugly thing
  8370 | D:10     | Reached ***** piety under Trog
  8376 | D:10     | Found a staircase to the Lair.
  8395 | D:10     | Reached skill level 5 in Polearms
  8999 | Lair:1   | Entered Level 1 of the Lair of Beasts
  9167 | Lair:1   | Reached skill level 12 in Armour
  9242 | Lair:1   | Reached XP level 11. HP: 92/95 MP: 10/10
  9871 | Lair:1   | Noticed Joseph
  9883 | Lair:1   | Killed Joseph
  9884 | Lair:1   | Reached skill level 13 in Armour
 10064 | Lair:2   | Noticed Amaemon
 10087 | Lair:2   | Killed Amaemon
 10199 | Lair:2   | Reached skill level 10 in Polearms
 10207 | Lair:2   | Reached skill level 10 in Fighting
 10299 | Lair:2   | Noticed a four-headed hydra
 10308 | Lair:2   | Killed a four-headed hydra
 10499 | Lair:2   | Reached XP level 12. HP: 80/106 MP: 11/11
 10911 | Lair:2   | Reached skill level 14 in Armour
 11434 | Lair:3   | Found a staircase to the Swamp.
 11499 | Lair:3   | Found a dark tunnel.
 11578 | Lair:3   | Noticed a fire dragon
 11598 | Lair:3   | Killed a fire dragon
 11598 | Lair:3   | Received a gift from Trog
 11829 | Lair:3   | Found a staircase to the Snake Pit.
 11846 | Lair:3   | HP: 4/108 [black mamba (6)]
 11851 | Lair:3   | HP: 3/108 [poisoned by a naga (splash of poison)]
 12173 | Lair:3   | Reached skill level 15 in Armour
 12433 | Snake:1  | Entered Level 1 of the Snake Pit
 12452 | Snake:1  | Noticed a naga warrior
 12452 | Snake:1  | Noticed an anaconda
 12453 | Snake:1  | Found a runed translucent gate.
 12453 | Snake:1  | Found a runed translucent gate.
 12453 | Snake:1  | Found a runed translucent gate.
 12453 | Snake:1  | Noticed Luurhike's ghost (adept MiFi)
 12739 | Snake:1  | Found Lodih's Mayhem Merchandise.
 13040 | Snake:1  | Noticed a naga warrior
 13040 | Snake:1  | Noticed a naga warrior
 13046 | Snake:1  | Mangled by a naga warrior

Illustrated notes

Levels and vault maps discovered:
D:1:      scummos_arrival_hexagon, layout_loops_ring, serial_shops,
          shop_fountains
D:2:      layout_loops_ring
D:3:      layout_loops_ring, lemuel_coloured_pillars_altar,
          grunt_temple_overflow_open, shapermc_ecumenical_altar_venn,
          small_statue_intersection, corexii_leaking_fountain,
          grunt_ministairs_5
D:4:      layout_loops_ring
D:5:      layout_cave_pods
D:6:      layout_loops_cross, minmay_temple_entry_junction, serial_shops,
          nicolae_shop_bloodbath_and_beyond, uniq_pikel, uniq_prince_ribbit1,
          uniq_blork_the_orc
D:7:      layout_basic, grunt_ashenzari_visionary
          [grunt_ashenzari_visionary_swamp, grunt_ashenzari_visionary_snake],
          lightli_corner_chamber
D:8:      layout_basic, tgw_kikubaaqudgha, kennysheep_path_1,
          hangedman_minor_gate_pass, uniq_jeremiah, uniq_erica
D:9:      layout_cave_pods, mainiacjoe_overflow_chevrons, enter_bailey_5,
          serial_shops, kennysheep_little_box, hangedman_decor_riveting,
          uniq_grum
D:10:     layout_loops_ring, david_lair_shrubbed
Lair:1:   layout_roguey, uniq_joseph
Lair:2:   layout_regular_city, beast_lair_carwin_7, infiniplex_staircase_pool,
          serial_bayou_shore_a, uniq_amaemon
Lair:3:   dragon1_lemuel, layout_misc_corridors, swamp_mist,
          guppyfry_snake_entry_garden, nicolae_volcano_entry_hallway,
          grunt_megastairs_2
Snake:1:  layout_onion_interference, gammafunk_ghost_split, minmay_shop_mayhem,
          grunt_megastairs_1

Skill      XL: |  1  2  3  4  5  6  7  8  9 10 11 12 |
---------------+-------------------------------------+-----
Long Blades    | 4 |  4.5
Fighting       | 4 5 6 7 8 10 11 | 11.6
Axes           | 1 2 4 5 7 8 10 | 10.1
Armour         | 3 4 7 8 10 12 13 15 | 15.2
Stealth        | 1 2 3 |  3.1
Dodging        | 3 |  3.6
Evocations     | 2 |  2.3
Polearms       | 1 7 10 13 | 13.1
Throwing       | 2 3 |  3.2

Action                     |  1- 3 |  4- 6 |  7- 9 | 10-12 || total
---------------------------+-------+-------+-------+-------++-------
  Melee: Falchion          |     9 |       |       |       ||     9
         Headbutt          |    13 |    12 |    32 |   121 ||   178
         Hand axe          |    75 |   109 |   166 |       ||   350
         Punch             |       |       |     2 |     7 ||     9
         Trident           |       |       |    14 |   552 ||   566
  Throw: Javelin           |       |       |     6 |     4 ||    10
         Dart              |       |       |       |    18 ||    18
         Throwing net      |       |       |       |     3 ||     3
 Invoke: Brothers in Arms  |       |       |       |     1 ||     1
  Evoke: Wand              |       |       |    24 |       ||    24
    Use: Scroll            |       |       |     7 |    13 ||    20
         Potion            |       |       |     3 |     4 ||     7
   Stab: Held in net/web   |       |       |       |     3 ||     3
 Armour: Plate armour      |    74 |    95 |   248 |   608 ||  1025
  Dodge: Dodged            |    34 |    60 |    95 |   214 ||   403
  Block: Other             |       |       |       |    10 ||    10

Table legend: (Time is in decaauts)
 A = Elapsed time spent in this place.
 B = Non-inter-level travel time spent in this place.
 C = Inter-level travel time spent in this place.
 D = Time resting spent in this place.
 E = Time spent auto-exploring this place.
 F = Levels seen in this place.
 G = Mean time per level.
                   A        B        C        D        E       F      G
               +--------+--------+--------+--------+--------+-----+--------+
         Total |  12996 |  12996 |      0 |   1324 |   8316 |  14 |  928.3 |
       Dungeon |   9060 |   9060 |      0 |    999 |   6231 |  10 |  906.0 |
          Lair |   3338 |   3338 |      0 |    325 |   1830 |   3 | 1112.7 |
     Snake Pit |    597 |    597 |      0 |      0 |    255 |   1 |  597.0 |
               +--------+--------+--------+--------+--------+-----+--------+

Top non-repeatable levels by time:
     D:8: 1596 daAuts
    D:10: 1323 daAuts
  Lair:2: 1250 daAuts
     D:6: 1185 daAuts
     D:5: 1094 daAuts
  Lair:3: 1069 daAuts
  Lair:1: 1018 daAuts
     D:7: 923 daAuts
     D:1: 765 daAuts
     D:2: 757 daAuts
     D:3: 724 daAuts
     D:4: 604 daAuts
 Snake:1: 597 daAuts
     D:9: 83 daAuts
